 Dungeon Crawl Stone Soup version 0.28-a0-461-g2dc4ca5097 (webtiles) character file.

Game seed: 10399228338966489849

1 mg7810 the Skirmisher (level 1, 0/24 HPs)
             Began as an Ogre Delver on Sept 13, 2021.
             Succumbed to an adder's poison
             ... on level 4 of the Dungeon.
             The game lasted 00:01:41 (140 turns).

mg7810 the Skirmisher (Ogre Delver)                  Turns: 140, Time: 00:01:43

Health: 0/24       AC:  3    Str: 15    XL:     1   Next: 20%
Magic:  1/1        EV:  9    Int: 11    God:
Gold:   11         SH:  0    Dex: 10    Spells: 0/0 levels left

rFire   . . .      SeeInvis .   a - +0 hand axe
rCold   . . .      Faith    .   (no shield)
rNeg    . . .      Spirit   .   b - +0 robe
rPois   .          Reflect  .   (helmet restricted)
rElec   .          Harm     .   (no cloak)
rCorr   .          Rampage  .   (gloves unavailable)
Will    .....                   (boots unavailable)
Stlth   ++........              (no amulet)
HPRegen 0.08/turn               (no ring)
MPRegen 0.07/turn               (no ring)

@: lethally poisoned (0 -> -6), hasted (expiring), very quick
A: large, unfitting armour, tough skin 1
a: no special abilities


You were on level 4 of the Dungeon.
You visited 1 branch of the dungeon, and saw 2 of its levels.

You collected 11 gold pieces.

Inventory:

Hand Weapons
 a - a +0 hand axe (weapon)
Armour
 b - a +0 robe (worn)
Wands
 g - a wand of digging (3)
Scrolls
 c - a scroll of fog


   Skills:
 + Level 4.0 Fighting
 + Level 2.0 Axes
 + Level 1.7 Dodging
 + Level 3.7 Stealth


You couldn't memorise any spells.
You didn't know any spells.
Your spell library was empty.

Dungeon Overview and Level Annotations

Branches:
Dungeon (5/15)
 Temple: D:4-7

Altars:
Dithmenos

Portals:
Sewer: D:4


Innate Abilities, Weirdness & Mutations

You are too large for most types of armour.
You have tough skin. (AC +1)


Message History

You assume a fearsome visage.
The hound looks frightened!
The endoplasm looks frightened!
You enter the shallow water.
Moving in this stuff is going to be slow.
Found a glowing drain.
The adder hisses angrily.
The endoplasm jiggles.
The adder bites you.
* * * LOW HITPOINT WARNING * * *
You closely miss the adder. The adder bites you but does no damage.
You miss the adder. The adder bites you.
* * * LOW HITPOINT WARNING * * *
You closely miss the adder. The adder closely misses you.
You closely miss the adder. The adder closely misses you.
You barely miss the adder. The adder barely misses you.
You hit the adder.
The adder is heavily wounded.
The adder bites you.
* * * LOW HITPOINT WARNING * * *
You closely miss the adder.
The adder is heavily wounded.
Your extra speed is starting to run out.
The adder barely misses you.
You miss the adder.
The adder is moderately wounded.
The adder barely misses you.
You closely miss the adder.
The adder is moderately wounded.
The adder bites you.
* * * LOW HITPOINT WARNING * * *
You are lethally poisoned!
The adder poisons you!
You aren't carrying any potions.
You closely miss the adder.
The adder is moderately wounded.
* * * LOW HITPOINT WARNING * * *
You feel sick. The adder closely misses you.
You hit the adder.
The adder is severely wounded.
You die...

*,**,,** *,#∩# *,,***,,*
**,.##..# *##.#≈# ***,,,*,,,**
*,,.....###...#≈####,,,,,,,,,,*
##,......#....#≈#..*,,#,,,,,,,*
#.*#.....#....#≈#..,,.#..,,,,,**
..##..#*.....##≈#.##.....,,,,,,**
......#*#....##≈#......#*,,,,,,,,
......# #.....#S#.#,,*,,,,,,,,,,,
.....####....#..@##,,*,,,,,,,,,,,
......#.....h##.#...#*,,,,,,,,,,*
.........#...#..##..#*,,,,,,,,,**
.....##..#...........#,,,,,,,,,,,
.....###.......#..#....,,,,,,,,,,
..g..#*#......#####.....,,,,,,,,,
....###........#**,,....,,,,,,,,,
##..# ##.........,,,....,,,,,,,,,
#...####......###*,,,,,,,,,,,,,,,


You could see an adder.

Vanquished Creatures
  A quokka (D:4)
1 creature vanquished.

Notes
Turn   | Place    | Note
-------+----------+-------------------------------------------
     0 | D:5      | mg7810 the Ogre Delver began the quest for the Orb.
     0 | D:5      | Reached XP level 1. HP: 24/24 MP: 1/1
    16 | D:5      | Noticed a hound
    55 | D:5      | Found a shadowy altar of Dithmenos.
    61 | D:5      | Noticed a sky beast
   110 | D:4      | Noticed a hound
   126 | D:4      | Found a glowing drain.
   139 | D:4      | HP: 1/24 [poisoned by an adder]
   140 | D:4      | Succumbed to an adder's poison

Illustrated notes

Levels and vault maps discovered:
D:4:      layout_cave_pools, portal_sewer_entry_d
D:5:      layout_loops_ring, mainiacjoe_overflow_alcove_4,
          mainiacjoe_overflow_chevrons, nzn_hepliaklqana_mist_gate, hex_large,
          kennysheep_generic_room_8, uniq_blork_the_orc, uniq_eustachio,
          uniq_edmund

Action                   || total
-------------------------++-------
Melee: Hand axe          ||    16
  Use: Scroll            ||     2
       Potion            ||     1
Armor: Robe              ||     2
Dodge: Dodged            ||    10

Table legend: (Time is in decaauts)
 A = Elapsed time spent in this place.
 B = Non-inter-level travel time spent in this place.
 C = Inter-level travel time spent in this place.
 D = Time resting spent in this place.
 E = Time spent auto-exploring this place.
 F = Levels seen in this place.
 G = Mean time per level.
                   A        B        C        D        E       F      G
               +--------+--------+--------+--------+--------+-----+--------+
         Total |    126 |    126 |      0 |      0 |      0 |   2 |   63.0 |
       Dungeon |    126 |    126 |      0 |      0 |      0 |   2 |   63.0 |
               +--------+--------+--------+--------+--------+-----+--------+

Top non-repeatable levels by time:
     D:5: 89 daAuts
     D:4: 37 daAuts
